 Dungeon Crawl Stone Soup version 0.28-a0-1510-gd0f6b136d3 (webtiles) character file.

Game seed: 17439543825537982385

71 ryw the Insei (level 4, -1/29 HPs)
             Began as an Octopode Transmuter on Jan 15, 2022.
             Killed from afar by a white imp (10 damage)
             ... with a puff of frost
             ... summoned by Natasha
             ... on level 2 of the Dungeon.
             The game lasted 00:03:26 (1543 turns).

ryw the Insei (Octopode Transmuter)                 Turns: 1543, Time: 00:03:27

Health: -1/29      AC:  1    Str:  9    XL:     4   Next: 24%
Magic:  5/7        EV: 13    Int: 17    God:
Gold:   42         SH:  0    Dex: 12    Spells: 1/7 levels left

rFire   . . .      SeeInvis .     - Unarmed
rCold   . . .      Faith    .   (no shield)
rNeg    . . .      Spirit   .   (helmet currently unavailable)
rPois   .          Reflect  .   (no amulet)
rElec   .          Harm     .   (no ring)
rCorr   .          Rampage  .   (no ring)
Will    .....                   (no ring)
Stlth   ++........              (no ring)
HPRegen 0.09/turn               (no ring)
MPRegen 0.10/turn               (no ring)
                                (no ring)
                                (no ring)

@: appendages
A: tentacle spike 3, almost no armour, amphibious, 8 rings, camouflage 1,
gelatinous body 1, (nimble swimmer 1), tentacles
a: End Transformation


You were on level 2 of the Dungeon.
One of your tentacles had grown a beastly spike.
You visited 1 branch of the dungeon, and saw 2 of its levels.

You collected 42 gold pieces.

Inventory:

Scrolls
 b - a scroll of fog {unknown}
 d - 2 scrolls of immolation {unknown}
Potions
 a - a potion of mutation {unknown}
 c - a potion of curing {unknown}


   Skills:
 + Level 1.8 Fighting
 + Level 2.4 Dodging
 * Level 3.7 Unarmed Combat
 + Level 2.3 Spellcasting
 * Level 2.5 Transmutations
 + Level 0.2 Air Magic


You had one spell level left.
You knew the following spells:

 Your Spells              Type           Power      Damage    Failure   Level
a - Beastly Appendage     Tmut           20%        N/A       7%          1
b - Wereblood             Tmut           10%        N/A       10%         2
c - Swiftness             Air            2%         N/A       45%         3

Your spell library contained the following spells:

 Spells                   Type           Power      Damage    Failure   Level
 Shock                    Conj/Air       8%         1d3       19%         1
 Spider Form              Tmut/Pois      6%         N/A       32%         3
 Ice Form                 Ice/Tmut       6%         N/A       73%         4
 Airstrike                Air            1%         N/A       86%         4


Dungeon Overview and Level Annotations

Branches:
Dungeon (2/15)

Altars:

Annotations:
D:2 Natasha


Innate Abilities, Weirdness & Mutations

One of your tentacles has grown a beastly spike.
You cannot wear most types of armour.
You are amphibious.
You can wear up to eight rings at the same time.
Your skin changes colour to match your surroundings (Stealth+).
Your rubbery body absorbs attacks. (AC +1, EV +1)
((You are camouflaged when in or above water. (Stealth+)))
You have tentacles for arms and can constrict up to eight enemies at once.


Message History

Your transformation is almost over.
Unknown command.
No target in view!
No target in view!
Your tentacle spike disappears.
You howl as the wereblood boils in your veins!
Your primal bloodlust is almost over.
You howl as the wereblood boils in your veins!
You hear an angry hiss.
Natasha, Servant of Life and Death comes into view.
Natasha casts a spell at you. The magic dart hits you!
Your primal bloodlust has ended.
A rat comes into view.
Natasha mumbles some strange words.
Natasha claws you!
You are too injured to fight recklessly!
You are too injured to fight recklessly!
You are too injured to fight recklessly!
Unknown command.
You are too injured to fight recklessly!
Unknown command.
You are too injured to fight recklessly!
You closely miss Natasha. Your grab misses Natasha.
You squeeze Natasha, but do no damage.
Natasha growls.
Natasha barely misses you.
You closely miss Natasha. You grab Natasha.
You constrict Natasha, but do no damage.
The white imp barely misses you. Natasha barely misses you.
Casting: Wereblood (safe; 10% risk of failure)
Confirm with . or Enter, or press ? or * to list all spells.
One of your tentacles grows a vicious spike.
You constrict Natasha. The white imp barely misses you. Natasha claws you.
You tentacle-slap Natasha.
You pierce Natasha.
Natasha is heavily wounded.
You constrict Natasha, but do no damage.
The white imp gestures at you. The puff of frost hits you!
You die...

....# ......### ####
..#.....#####...
.#.........<>.#
........<.....##
............<..####
........)...5.......
...........@h.r.....
.....!..............
.........(..........
............<.......
#...................
#......#.....###....
#.#>########## .##
#.#. # #


You could see Natasha, a white imp (summoned) and a rat.

Vanquished Creatures
  Natasha (D:2)
  A gnoll (D:1)
  A dart slug (D:1)
  5 bats (D:1)
  3 endoplasms
  A giant cockroach (D:1)
  2 goblins (D:1)
  3 hobgoblins (D:1)
  4 jackals (D:1)
  2 kobolds (D:1)
  2 quokkas
  A ball python (D:1)
  4 frilled lizards (D:1)
  2 rats (D:1)
32 creatures vanquished.

Notes
Turn   | Place    | Note
-------+----------+-------------------------------------------
     0 | D:1      | ryw the Octopode Transmuter began the quest for the Orb.
     0 | D:1      | Reached XP level 1. HP: 13/13 MP: 3/3
    87 | D:1      | Reached XP level 2. HP: 5/18 MP: 5/5
   648 | D:1      | Reached XP level 3. HP: 23/23 MP: 4/6
  1004 | D:1      | Learned a level 2 spell: Wereblood
  1008 | D:1      | Learned a level 3 spell: Swiftness
  1478 | D:2      | Noticed Natasha
  1487 | D:2      | Killed Natasha
  1488 | D:2      | Reached XP level 4. HP: 26/29 MP: 3/7
  1535 | D:2      | Noticed Natasha
  1543 | D:2      | Killed from afar by a white imp

Illustrated notes

Levels and vault maps discovered:
D:1:      grunt_arrival_lava_bath, layout_loops_corners
D:2:      layout_rooms, shapermc_ecumenical_altar_starsandcircs, basic_altar,
          uniq_natasha

Action                   |  1- 3 |  4- 6 || total
-------------------------+-------+-------++-------
Melee: Unarmed           |    55 |     9 ||    64
       Constrict         |    15 |     1 ||    16
       Tentacles         |    10 |     1 ||    11
       Kick              |    10 |     3 ||    13
       Punch             |     1 |       ||     1
 Cast: Beastly Appendage |    13 |     2 ||    15
       Wereblood         |     1 |     1 ||     2
  Use: Potion            |     1 |       ||     1
 Stab: Sleeping          |     6 |       ||     6
Armor: Skin              |     5 |     1 ||     6
Dodge: Dodged            |    32 |    10 ||    42

Table legend: (Time is in decaauts)
 A = Elapsed time spent in this place.
 B = Non-inter-level travel time spent in this place.
 C = Inter-level travel time spent in this place.
 D = Time resting spent in this place.
 E = Time spent auto-exploring this place.
 F = Levels seen in this place.
 G = Mean time per level.
                   A        B        C        D        E       F      G
               +--------+--------+--------+--------+--------+-----+--------+
         Total |   1550 |   1505 |     45 |    238 |   1014 |   2 |  775.0 |
       Dungeon |   1550 |   1505 |     45 |    238 |   1014 |   2 |  775.0 |
               +--------+--------+--------+--------+--------+-----+--------+

Top non-repeatable levels by time:
     D:1: 1486 daAuts
     D:2: 64 daAuts
